APL (24 & UNDER)
SAVANNAH HOGS @ SCOTTSDALE SCORPIONS
09/25/2028
 
TOP OF THE 1ST
Savannah Hogs batting - Pitching for Scottsdale Scorpions : LHP Brant Goff
Pitching: LHP Brant Goff
Batting: RHB Ramón Gómez 0-0: Called Strike
0-1: Ball
1-1: Foul Ball, location: 2F
1-2: Ground out 4-3 (Groundball, 4)
Batting: RHB Joel García 0-0: Ball
1-0: Called Strike
1-1: Fly out, F6 (Line Drive, 6)
Batting: RHB Henry Haines 0-0: Fly out, F8 (Flyball, 8RS)
Top of the 1st over - 0 run(s), 0 hit(s), 0 error(s), 0 left on base; Savannah 0 - Scottsdale 0
BOTTOM OF THE 1ST
Scottsdale Scorpions batting - Pitching for Savannah Hogs : RHP John Allen
Pitching: RHP John Allen
Batting: RHB Júlio Serra 0-0: Ball
1-0: Ball
2-0: Ball
3-0: Called Strike
3-1: Ground out 6-3 (Groundball, 6)
Batting: RHB Steve Boyer 0-0: Ball
1-0: Foul Ball, location: 2F
1-1: Foul Ball, location: 2F
1-2: Foul Ball, location: 2F
1-2: SINGLE (Flyball, 9S)
Batting: SHB Luis López 0-0: Ball
1-0: Foul Ball, location: 2F
1-1: Fielders Choice at 2nd, 6-4 (Groundball, 6D)
Batting: RHB Edgardo Gonzáles 0-0: Foul Ball, location: 2F
0-1: Foul Ball, location: 2F
0-2: Foul Ball, location: 2F
0-2: Ball
1-2: Fly out, F8 (Flyball, 78M)
Bottom of the 1st over - 0 run(s), 1 hit(s), 0 error(s), 1 left on base; Savannah 0 - Scottsdale 0
TOP OF THE 2ND
Savannah Hogs batting - Pitching for Scottsdale Scorpions : LHP Brant Goff
Batting: LHB António Gutiérrez 0-0: Ball
1-0: Foul Ball, location: 2F
1-1: SINGLE (Groundball, 4MD)
Batting: RHB Júlio Contreras 0-0: Called Strike
0-1: Foul Ball, location: 2F
0-2: Ball
1-2: Ball
2-2: Strikes out swinging
Batting: SHB Juan Chávez 0-0: Foul Ball, location: 2F
0-1: Ball
1-1: Swinging Strike
1-2: Ball
2-2: Ball
3-2: Strikes out swinging
Batting: RHB Jorge Chávez 0-0: Called Strike
0-1: Foul Ball, location: 2F
0-2: Ball
1-2: Fly out, F9 (Flyball, 9LM)
Top of the 2nd over - 0 run(s), 1 hit(s), 0 error(s), 1 left on base; Savannah 0 - Scottsdale 0
BOTTOM OF THE 2ND
Scottsdale Scorpions batting - Pitching for Savannah Hogs : RHP John Allen
Batting: SHB Arnold Moore 0-0: Ball
1-0: Foul Ball, location: 2F
1-1: Called Strike
1-2: Ball
2-2: Ball
3-2: Base on Balls
Batting: RHB José Méndez 0-0: Called Strike
0-1: Ball
1-1: Grounds into double play, 6-4-3 (Groundball, 6)
Batting: LHB Shawn Brown 0-0: SOLO HOME RUN (Flyball, 9LD), Distance : 314 ft
Batting: RHB Robinson Fernández 0-0: Called Strike
0-1: Ball
1-1: SINGLE (Line Drive, 7S)
Batting: RHB Henry Cahill 0-0: Ball
1-0: Called Strike
1-1: Ball
2-1: Fly out, F9 (Flyball, 9)
Bottom of the 2nd over - 1 run(s), 2 hit(s), 0 error(s), 1 left on base; Savannah 0 - Scottsdale 1
TOP OF THE 3RD
Savannah Hogs batting - Pitching for Scottsdale Scorpions : LHP Brant Goff
Batting: LHB Marv Gardner 0-0: Ground out 6-3 (Groundball, 6S)
Batting: RHB Guillermo González 0-0: Foul Ball, location: 2F
0-1: SINGLE (Groundball, 4MD)
Batting: RHB Ramón Gómez 0-0: Ball
1-0: Ball
2-0: Ball
3-0: Called Strike
3-1: Called Strike
3-2: Foul Ball, location: 2F
3-2: DOUBLE (Groundball, 5L)
Guillermo González to third
Guillermo González scores
Batting: RHB Joel García 0-0: Ball
Ramón Gómez steals 3rd base
1-0: Ball
2-0: Ball
3-0: Base on Balls
Batting: RHB Henry Haines 0-0: Ball
1-0: Called Strike
1-1: Ball
2-1: Foul Ball, location: 2F
2-2: Foul Ball, location: 2F
2-2: Foul Ball, location: 2F
2-2: Strikes out swinging
Batting: LHB António Gutiérrez 0-0: Called Strike
0-1: Ball
1-1: Ball
2-1: Fielders Choice at 2nd, 6-4 (Groundball, 6)
Top of the 3rd over - 1 run(s), 2 hit(s), 0 error(s), 1 left on base; Savannah 1 - Scottsdale 1
BOTTOM OF THE 3RD
Scottsdale Scorpions batting - Pitching for Savannah Hogs : RHP John Allen
Batting: RHB Júlio Serra 0-0: SINGLE (Line Drive, 7LS)
Batting: RHB Steve Boyer 0-0: Called Strike
0-1: Swinging Strike
0-2: Ball
1-2: Foul Ball, location: 2F
1-2: SINGLE (Flyball, 8RS)
Júlio Serra to second
Runner from 2nd tries for 3rd, SAFE, no throw
Batting: SHB Luis López 0-0: Ball
1-0: Called Strike
1-1: Ball
2-1: Called Strike
2-2: Ball
3-2: Strikes out swinging
Batting: RHB Edgardo Gonzáles 0-0: Foul Ball, location: 2F
0-1: Foul Ball, location: 2F
0-2: 3-RUN HOME RUN (Flyball, 7LD), Distance : 326 ft
Batting: SHB Arnold Moore 0-0: Ball
1-0: Fly out, F9 (Flyball, 89M)
Batting: RHB José Méndez 0-0: Ball
1-0: Ground out 4-3 (Groundball, 4S)
Bottom of the 3rd over - 3 run(s), 3 hit(s), 0 error(s), 0 left on base; Savannah 1 - Scottsdale 4
TOP OF THE 4TH
Savannah Hogs batting - Pitching for Scottsdale Scorpions : LHP Brant Goff
Batting: RHB Júlio Contreras 0-0: Ball
1-0: Ball
2-0: Ball
3-0: Called Strike
3-1: Swinging Strike
3-2: Base on Balls
Batting: SHB Juan Chávez 0-0: Ball
1-0: Called Strike
1-1: Ball
2-1: Foul Ball, location: 2F
2-2: Foul Ball, location: 2F
2-2: Ball
3-2: Foul Ball, location: 2F
3-2: Base on Balls
Júlio Contreras to second
Batting: RHB Jorge Chávez 0-0: Foul Ball, location: 2F
0-1: Foul Ball, location: 2F
0-2: Fly out, F9 (Flyball, 9LM)
Batting: LHB Marv Gardner 0-0: Called Strike
0-1: Foul Ball, location: 2F
0-2: Ball
1-2: Ball
2-2: Ball
3-2: Foul Ball, location: 2F
3-2: Strikes out looking
Batting: RHB Guillermo González 0-0: Ball
1-0: Fly out, F7 (Flyball, 7LS)
Top of the 4th over - 0 run(s), 0 hit(s), 0 error(s), 2 left on base; Savannah 1 - Scottsdale 4
BOTTOM OF THE 4TH
Scottsdale Scorpions batting - Pitching for Savannah Hogs : RHP John Allen
Batting: LHB Shawn Brown 0-0: Ball
1-0: Ball
2-0: Called Strike
2-1: Ball
3-1: Ground out 6-3 (Groundball, 6)
Batting: RHB Robinson Fernández 0-0: Swinging Strike
0-1: Ball
1-1: Foul Ball, location: 2F
1-2: Foul Ball, location: 2F
1-2: Fly out, F8 (Flyball, 8RS)
Batting: RHB Henry Cahill 0-0: Called Strike
0-1: Ball
1-1: Ball
2-1: Called Strike
2-2: Strikes out swinging
Bottom of the 4th over - 0 run(s), 0 hit(s), 0 error(s), 0 left on base; Savannah 1 - Scottsdale 4
TOP OF THE 5TH
Savannah Hogs batting - Pitching for Scottsdale Scorpions : LHP Brant Goff
Batting: RHB Ramón Gómez 0-0: Foul Ball, location: 2F
0-1: Ball
1-1: Foul Ball, location: 2F
1-2: Ball
2-2: Strikes out swinging
Batting: RHB Joel García 0-0: Ball
1-0: DOUBLE (Groundball, 5L)
Pitching: LHP Robert Griggs
Batting: RHB Henry Haines 0-0: Called Strike
0-1: Ball
1-1: Ball
2-1: SINGLE (Groundball, 56D)
Joel García to third
Runner from 3rd tries for Home, SAFE, throw made home
Batting: LHB António Gutiérrez 0-0: Ball
1-0: Swinging Strike
1-1: Foul Ball, location: 2F
1-2: Strikes out swinging
Batting: RHB Júlio Contreras 0-0: Ground out 6-3 (Groundball, 6MS)
Top of the 5th over - 1 run(s), 2 hit(s), 0 error(s), 1 left on base; Savannah 2 - Scottsdale 4
BOTTOM OF THE 5TH
Scottsdale Scorpions batting - Pitching for Savannah Hogs : RHP John Allen
Batting: RHB Júlio Serra 0-0: Ball
1-0: Swinging Strike
1-1: Foul Ball, location: 2F
1-2: SOLO HOME RUN (Flyball, 78XD), Distance : 365 ft
Pitching: RHP Javier Franco
Batting: RHB Steve Boyer 0-0: Ball
1-0: Ball
2-0: Ground out 5-3 (Groundball, 56)
Batting: SHB Luis López 0-0: Ball
1-0: Swinging Strike
1-1: Ball
2-1: Foul Ball, location: 2F
2-2: Ball
3-2: Base on Balls
Batting: RHB Edgardo Gonzáles 0-0: Called Strike
Balk!
Luis López to second
0-1: Ball
1-1: Ball
2-1: Foul Ball, location: 2F
2-2: Ball
3-2: Base on Balls
Batting: SHB Arnold Moore 0-0: Ball
1-0: Reached on error, E7 (Flyball, 7S)
Luis López to third
Edgardo Gonzáles to second
Batting: RHB José Méndez 0-0: Ball
1-0: Called Strike
1-1: Called Strike
1-2: Strikes out swinging
Batting: LHB Shawn Brown 0-0: Ball
1-0: Ball
2-0: Ball
3-0: Base on Balls
Luis López scores
Edgardo Gonzáles to third
Arnold Moore to second
Batting: RHB Robinson Fernández 0-0: Called Strike
0-1: Ball
1-1: Called Strike
1-2: Strikes out swinging
Bottom of the 5th over - 2 run(s), 1 hit(s), 1 error(s), 3 left on base; Savannah 2 - Scottsdale 6
TOP OF THE 6TH
Savannah Hogs batting - Pitching for Scottsdale Scorpions : LHP Robert Griggs
Batting: SHB Juan Chávez 0-0: Foul Ball, location: 2F
0-1: Swinging Strike
0-2: Strikes out swinging
Batting: RHB Jorge Chávez 0-0: Ball
1-0: Ball
2-0: Called Strike
2-1: Foul Ball, location: 2F
2-2: Ball
3-2: Ground out 5-3 (Groundball, 5)
Batting: LHB Marv Gardner 0-0: Ball
1-0: Ball
2-0: Ball
3-0: Called Strike
3-1: Base on Balls
Batting: RHB Guillermo González 0-0: SINGLE (Line Drive, 4M)
Marv Gardner to second
Batting: RHB Ramón Gómez 0-0: Fly out, F3 (Line Drive, 3)
Top of the 6th over - 0 run(s), 1 hit(s), 0 error(s), 2 left on base; Savannah 2 - Scottsdale 6
BOTTOM OF THE 6TH
Scottsdale Scorpions batting - Pitching for Savannah Hogs : RHP Javier Franco
Batting: RHB Henry Cahill 0-0: Called Strike
0-1: Swinging Strike
0-2: Strikes out looking
Batting: RHB Júlio Serra 0-0: Ball
1-0: Foul Ball, location: 2F
1-1: Foul Ball, location: 2F
1-2: Foul Ball, location: 2F
1-2: Foul Ball, location: 2F
1-2: SINGLE (Groundball, 6MD)
Batting: RHB Steve Boyer 0-0: Ball
1-0: Ball
2-0: Ball
3-0: Called Strike
3-1: Fly out, F6 (Line Drive, 56)
Batting: SHB Luis López 0-0: Called Strike
0-1: Ball
Júlio Serra steals 2nd base
1-1: Called Strike
1-2: Strikes out looking
Bottom of the 6th over - 0 run(s), 1 hit(s), 0 error(s), 1 left on base; Savannah 2 - Scottsdale 6
TOP OF THE 7TH
Savannah Hogs batting - Pitching for Scottsdale Scorpions : LHP Robert Griggs
Batting: RHB Joel García 0-0: Called Strike
0-1: Ball
1-1: Ball
2-1: Ball
3-1: Foul Ball, location: 2F
3-2: Base on Balls
Batting: RHB Henry Haines 0-0: Ball
1-0: SINGLE (Line Drive, 9S)
Joel García to second
Runner from 2nd tries for 3rd, OUT!
Batting: LHB António Gutiérrez 0-0: Ball
1-0: SINGLE (Flyball, 8LS)
Henry Haines to second
Batting: RHB Júlio Contreras 0-0: Foul Ball, location: 2F
0-1: Ball
1-1: Ball
2-1: Called Strike
2-2: Foul Ball, location: 2F
2-2: Fielders Choice at 2nd, 6-4 (Groundball, 56)
Henry Haines to third
Batting: SHB Juan Chávez 0-0: SINGLE (Line Drive, 6MD)
Henry Haines scores
Júlio Contreras to second
Batting: RHB Jorge Chávez 0-0: Foul Ball, location: 2F
0-1: Ball
1-1: Foul Ball, location: 2F
1-2: Ball
2-2: Ball
3-2: Strikes out swinging
Top of the 7th over - 1 run(s), 3 hit(s), 0 error(s), 2 left on base; Savannah 3 - Scottsdale 6
BOTTOM OF THE 7TH
Scottsdale Scorpions batting - Pitching for Savannah Hogs : RHP Javier Franco
Batting: RHB Edgardo Gonzáles 0-0: Fly out, F6 (Popup, 6MD)
Batting: SHB Arnold Moore 0-0: Foul Ball, location: 2F
0-1: Ball
1-1: Ball
2-1: Fly out, F8 (Flyball, 8LM)
Batting: RHB José Méndez 0-0: Ball
1-0: Ball
2-0: Fly out, F8 (Flyball, 8RS)
Bottom of the 7th over - 0 run(s), 0 hit(s), 0 error(s), 0 left on base; Savannah 3 - Scottsdale 6
TOP OF THE 8TH
Savannah Hogs batting - Pitching for Scottsdale Scorpions : LHP Robert Griggs
Batting: LHB Marv Gardner 0-0: Called Strike
0-1: Ball
1-1: SINGLE (Groundball, 3D)
Pitching: RHP José Estrada
Batting: RHB Guillermo González 0-0: Ball
1-0: Fielders Choice at 2nd, 4-6 (Groundball, 4)
Batting: RHB Ramón Gómez 0-0: Ball
1-0: Foul Ball, location: 2F
1-1: Foul Ball, location: 2F
1-2: Foul Ball, location: 2F
1-2: Ball
2-2: Fly out, F3 (Popup, 3S)
Batting: RHB Joel García 0-0: Ball
1-0: Foul Ball, location: 2F
1-1: Ball
2-1: Ball
3-1: Base on Balls
Guillermo González to second
Batting: RHB Henry Haines 0-0: Called Strike
0-1: Ball
1-1: Ball
2-1: Called Strike
2-2: Foul Ball, location: 2F
2-2: Ball
3-2: 3-RUN HOME RUN (Flyball, 78XD), Distance : 377 ft
Pitching: LHP Terry Stanley
Pinch Hitting: RHB Orlando Márquez 0-0: Ball
1-0: Foul Ball, location: 2F
1-1: Ball
2-1: Ground out U3 (Groundball, 3S)
Top of the 8th over - 3 run(s), 2 hit(s), 0 error(s), 0 left on base; Savannah 6 - Scottsdale 6
BOTTOM OF THE 8TH
Scottsdale Scorpions batting - Pitching for Savannah Hogs : RHP Javier Franco
Pitching: LHP Manuel Guel
Now at 1B: Juan Morales
Pinch Hitting: RHB Brian Stewart 0-0: Swinging Strike
0-1: Ball
1-1: Foul Ball, location: 2F
1-2: Ball
2-2: Ball
3-2: Foul Ball, location: 2F
3-2: Ground out 6-3 (Groundball, 6)
Pitching: LHP Ben Krieger
Pinch Hitting: SHB Juan Gonzáles 0-0: Foul Ball, location: 2F
0-1: Ball
1-1: Ground out 6-3 (Groundball, 6)
Pinch Hitting: RHB Esteban Concepción 0-0: Called Strike
0-1: Foul Ball, location: 2F
0-2: Ball
1-2: Ball
2-2: Strikes out swinging
Bottom of the 8th over - 0 run(s), 0 hit(s), 0 error(s), 0 left on base; Savannah 6 - Scottsdale 6
TOP OF THE 9TH
Savannah Hogs batting - Pitching for Scottsdale Scorpions : LHP Terry Stanley
Pitching: RHP Julian Corbitt
Now at 1B: Manny Vigil
Now at SS: Juan Gonzáles
Now in LF: José Garza
Pinch Hitting: RHB Miguel Cervantes 0-0: Swinging Strike
0-1: Called Strike
0-2: Ball
1-2: Ball
2-2: Foul Ball, location: 2F
2-2: Foul Ball, location: 2F
2-2: Strikes out swinging
Batting: SHB Juan Chávez 0-0: Called Strike
0-1: Swinging Strike
0-2: Hit by Pitch
Pinch Hitting: RHB Pedro Sandoval 0-0: Called Strike
0-1: Ball
1-1: Swinging Strike
1-2: Ball
2-2: Foul Ball, location: 2F
2-2: Foul Ball, location: 2F
2-2: Foul Ball, location: 2F
2-2: Ground out 5-3 (Groundball, 56S)
Juan Chávez to second
Batting: LHB Marv Gardner 0-0: Ball
1-0: Called Strike
1-1: Ball
2-1: Fly out, F8 (Flyball, 8RD)
Top of the 9th over - 0 run(s), 0 hit(s), 0 error(s), 1 left on base; Savannah 6 - Scottsdale 6
BOTTOM OF THE 9TH
Scottsdale Scorpions batting - Pitching for Savannah Hogs : LHP Ben Krieger
Pitching: LHP Brian Hodges
Now in LF: Miguel Cervantes
Now in RF: Pedro Sandoval
Batting: RHB Júlio Serra 0-0: Ball
1-0: Ball
2-0: Foul Ball, location: 2F
2-1: Called Strike
2-2: Foul Ball, location: 2F
2-2: Strikes out swinging
Batting: RHB Steve Boyer 0-0: Called Strike
0-1: Foul Ball, location: 2F
0-2: Ball
1-2: Ball
2-2: Ball
3-2: Foul Ball, location: 2F
3-2: Base on Balls
Pinch Runner at 1st Tony Ayala:
Pinch Hitting: LHB Clayton Bailey 0-0: Ball
1-0: Called Strike
1-1: Foul Ball, location: 2F
1-2: Grounds into double play, 6-4-3 (Groundball, 6M)
Bottom of the 9th over - 0 run(s), 0 hit(s), 0 error(s), 0 left on base; Savannah 6 - Scottsdale 6
TOP OF THE 10TH
Savannah Hogs batting - Pitching for Scottsdale Scorpions : RHP Julian Corbitt
Now in RF: Justin Holland
Pinch Hitting: LHB Felipe Franco 0-0: Called Strike
0-1: Foul Ball, location: 2F
0-2: Ball
1-2: Ball
2-2: Ball
3-2: DOUBLE (Line Drive, 8RXD)
Batting: RHB Ramón Gómez 0-0: Ball
1-0: Foul Ball, location: 2F
1-1: Fly out, F1 (Line Drive, 13)
Pinch Hitting: RHB Gary Stephenson 0-0: Ball
1-0: Ball
2-0: Ball
3-0: Base on Balls
Batting: RHB Henry Haines 0-0: Called Strike
0-1: Ball
1-1: Foul Ball, location: 2F
1-2: Strikes out swinging
Pinch Hitting: RHB Wilson Ortíz 0-0: Foul Ball, location: 2F
0-1: Hit by Pitch
Felipe Franco to third
Gary Stephenson to second
Batting: RHB Miguel Cervantes 0-0: Fielders Choice at 2nd, 5-4 (Groundball, 5L)
Top of the 10th over - 0 run(s), 1 hit(s), 0 error(s), 2 left on base; Savannah 6 - Scottsdale 6
BOTTOM OF THE 10TH
Scottsdale Scorpions batting - Pitching for Savannah Hogs : LHP Brian Hodges
Now at 1B: Luis González
Now at 3B: Gary Stephenson
Now in CF: Felipe Franco
Batting: RHB Edgardo Gonzáles 0-0: Ball
1-0: Swinging Strike
1-1: Swinging Strike
1-2: SINGLE (Line Drive, 8LS)
Batting: SHB Arnold Moore 0-0: Foul Ball, location: 2F
0-1: Fielders Choice at 2nd, 6-4 (Groundball, 6)
Pinch Hitting: RHB Pablo Pineda 0-0: Foul Ball, location: 2F
0-1: Swinging Strike
0-2: Foul Ball, location: 2F
0-2: Ball
1-2: Foul Ball, location: 2F
1-2: Strikes out swinging
Batting: LHB Manny Vigil 0-0: Ball
1-0: Ball
2-0: SINGLE (Line Drive, 3D)
Arnold Moore to second
Runner from 2nd tries for 3rd, OUT!
Bottom of the 10th over - 0 run(s), 2 hit(s), 0 error(s), 1 left on base; Savannah 6 - Scottsdale 6
TOP OF THE 11TH
Savannah Hogs batting - Pitching for Scottsdale Scorpions : RHP Julian Corbitt
Now at C: Jeff McQueen
Batting: SHB Juan Chávez 0-0: Called Strike
0-1: Swinging Strike
0-2: Ball
1-2: Foul Ball, location: 2F
1-2: Ball
2-2: Foul Ball, location: 2F
2-2: Strikes out looking
Batting: RHB Pedro Sandoval 0-0: Ball
1-0: Fly out, F7 (Flyball, 78S)
Batting: LHB Marv Gardner 0-0: Ball
1-0: SOLO HOME RUN (Flyball, 89XD), Distance : 380 ft
Batting: LHB Felipe Franco 0-0: Called Strike
0-1: Ground out U3 (Groundball, 34)
Top of the 11th over - 1 run(s), 1 hit(s), 0 error(s), 0 left on base; Savannah 7 - Scottsdale 6
BOTTOM OF THE 11TH
Scottsdale Scorpions batting - Pitching for Savannah Hogs : LHP Brian Hodges
Pitching: LHP Ricardo Rosário
Batting: SHB Juan Gonzáles 0-0: Called Strike
0-1: Called Strike
0-2: Foul Ball, location: 2F
0-2: Ball
1-2: Ball
2-2: Strikes out looking
Batting: LHB José Garza 0-0: Ball
1-0: Ball
2-0: Ground out 6-3 (Groundball, 6M)
Batting: RHB Júlio Serra 0-0: TRIPLE (Line Drive, 9LS)
Batting: LHB Tony Ayala 0-0: Ball
1-0: Called Strike
1-1: Ball
2-1: Ball
3-1: Foul Ball, location: 2F
3-2: Base on Balls
Batting: LHB Justin Holland 0-0: Swinging Strike
0-1: Fly out, F9 (Flyball, 89D)
Bottom of the 11th over - 0 run(s), 1 hit(s), 0 error(s), 2 left on base; Savannah 7 - Scottsdale 6
Tuesday, August 8th, 2017 - OOTP Baseball 17.12 Build 75